 Seeded DCSS version 0.29-a0-378-gc08b2e8bf8 (webtiles) character file.

Game seed: 13605594255664981076 (custom seed)

605 thiscave3701365 the Cleaver (level 7, -4/60 HPs)
             Began as a Minotaur Berserker on May 4, 2022.
             Was a Believer of Trog.
             Slain by an ice beast (14 damage)
             ... on level 5 of the Dungeon.
             The game lasted 00:03:11 (5729 turns).

thiscave3701365 the Cleaver (Minotaur Berserker)    Turns: 5729, Time: 00:03:11

Health: -4/60      AC: 10    Str: 24    XL:     7   Next: 19%
Magic:  6/6        EV:  9    Int:  4    God:    Trog [**....]
Gold:   203        SH:  0    Dex:  9    Spells: 6/6 levels left

rFire   . . .      SeeInvis .   a - +0 hand axe
rCold   . . .      Faith    .   (no shield)
rNeg    . . .      Spirit   .   p - +1 chain mail {rPois}
rPois   +          Reflect  .   (helmet restricted)
rElec   .          Harm     .   (no cloak)
rCorr   .          Rampage  .   (no gloves)
Will    .....                   (no boots)
Stlth   ..........              (no amulet)
HPRegen 0.20/turn               (no ring)
MPRegen 0.10/turn               (no ring)

@: on berserk cooldown, slowed, very slow
A: horns 2, retaliatory headbutt
a: Renounce Religion, Berserk, Trog's Hand


You were on level 5 of the Dungeon.
You worshipped Trog.
Trog was pleased with you.
You visited 1 branch of the dungeon, and saw 5 of its levels.

You collected 203 gold pieces.

Inventory:

Hand Weapons
 a - a +0 hand axe (weapon)
Missiles
 u - a throwing net
Armour
 b - a +0 animal skin
 i - a +0 scale mail
 p - a +1 chain mail of poison resistance (worn)
Jewellery
 s - a ring of protection from cold
Wands
 t - a wand of charming (10)
 v - a wand of digging (3)
Scrolls
 d - a scroll of immolation {unknown}
 e - 6 scrolls of identify {unknown}
 g - a scroll of blinking {unknown}
 h - 2 scrolls of fog {unknown}
 j - 2 scrolls of vulnerability {unknown}
 l - 2 scrolls of poison {unknown}
 q - a scroll of torment {unknown}
 r - a scroll of teleportation {unknown}
Potions
 c - a potion of brilliance {unknown}
 f - 2 potions of haste {unknown}
 k - a potion of flight {unknown}
 m - a potion of might {unknown}
 n - a potion of ambrosia {unknown}
 o - a potion of magic {unknown}
 w - a potion of heal wounds {unknown}
 x - a potion of mutation {unknown}


   Skills:
 - Level 4.6 Fighting
 + Level 8.7 Axes
 - Level 3.7 Armour
 - Level 3.3 Dodging


You had 6 spell levels left.
You didn't know any spells.
Your spell library was empty.

Dungeon Overview and Level Annotations

Branches:
Dungeon (5/15)             Temple (0/1) D:4

Altars:
Cheibriados
Gozag
Makhleb
Nemelex Xobeh
Okawaru
Uskayaw


Innate Abilities, Weirdness & Mutations

You have a pair of horns on your head.
You reflexively headbutt those who attack you in melee.


Message History

The orc wizard hits you but does no damage.
You hit the orc wizard but do no damage.
Your headbutt misses the orc wizard.
The orc wizard is heavily wounded.
You hit the ice beast but do no damage. The orc wizard closely misses you.
The ice beast closely misses you. You furiously retaliate!
You headbutt the ice beast. You barely miss the orc wizard.
The orc wizard is heavily wounded.
You hit the ice beast but do no damage.
The ice beast hits you but does no damage.
The orc wizard closely misses you. You furiously retaliate!
You headbutt the orc wizard.
The orc wizard mumbles some strange words.
The orc wizard flickers and vanishes!
Deactivating autopickup; reactivate with Ctrl-A.
The ice beast closely misses you.
You barely miss the ice beast.
The ice beast is moderately wounded.
You closely miss something. The ice beast hits you. The ice beast freezes you!
Something hits you.
You hit something. Your headbutt misses something. You hit the ice beast.
Something hits you but does no damage.
The ice beast hits you but does no damage.
Unknown command.
You hit something. You hit the ice beast.
You hear some strange, mumbled words.
Something tries to affect you, but you resist.
The ice beast hits you. The ice beast freezes you.
You closely miss something. You hit the ice beast but do no damage.
The ice beast hits you but does no damage.
Something hits you but does no damage.
You hear some strange, mumbled words.
A magic dart appears from out of thin air!
The magic dart hits you.
* * * LOW HITPOINT WARNING * * *
The ice beast hits you.
* * * LOW HITPOINT WARNING * * *
The ice beast freezes you!
You die...

.< . . ..### #.#
#....#######.#
#............#
......)){....#
#...@Y....#
.....####.##.#
###..####)##.#########.#
......................
...###..##.###.......#
#.....# #.####..#
#...### #.# # #...# #.#
#...# #.#######


You could see an ice beast.

Vanquished Creatures
  2 ogres
  A phantom (D:5)
  2 orc priests (D:4)
  An iguana (D:3)
  2 orc wizards
  8 gnolls
  4 adders
  An ufetubus (D:4)
  A worm (D:5)
  22 orcs
  4 endoplasms
  3 giant cockroaches
  8 goblins
  4 hobgoblins
  3 jackals (D:1)
  A quokka (D:4)
  10 ball pythons
  A bat (D:3)
  3 frilled lizards
  5 kobolds
  7 rats
93 creatures vanquished.

Notes
Turn   | Place    | Note
-------+----------+-------------------------------------------
     0 | D:1      | thiscave3701365 the Minotaur Berserker began the quest for
                  | the Orb.
     0 | D:1      | Reached XP level 1. HP: 19/19 MP: 0/0
   334 | D:1      | Found a faded altar of an unknown god.
   408 | D:1      | Reached XP level 2. HP: 25/27 MP: 1/1
   743 | D:1      | Reached skill level 4 in Axes
  1000 | D:2      | Reached XP level 3. HP: 6/33 MP: 2/2
  1003 | D:2      | HP: 2/49 [gnoll/+0 spear (1)]
  1562 | D:2      | Reached XP level 4. HP: 41/41 MP: 3/3
  1740 | D:2      | Reached ** piety under Trog
  2559 | D:3      | Reached skill level 5 in Axes
  2559 | D:3      | Reached XP level 5. HP: 42/47 MP: 4/4
  3218 | D:3      | Found a burning altar of Makhleb.
  3218 | D:3      | Found a hide-covered altar of Uskayaw.
  3476 | D:4      | Noticed an ogre
  3673 | D:4      | Found an iron altar of Okawaru.
  3734 | D:4      | Found a snail-covered altar of Cheibriados.
  3742 | D:4      | Reached skill level 6 in Axes
  4097 | D:4      | Reached XP level 6. HP: 52/53 MP: 5/5
  4790 | D:4      | Reached skill level 7 in Axes
  5065 | D:4      | Found an opulent altar of Gozag.
  5065 | D:4      | Found a sparkling altar of Nemelex Xobeh.
  5180 | D:4      | Found a staircase to the Ecumenical Temple.
  5433 | D:5      | Entered Level 5 of the Dungeon
  5543 | D:5      | Reached skill level 8 in Axes
  5701 | D:5      | Reached XP level 7. HP: 60/60 MP: 6/6
  5729 | D:5      | Slain by an ice beast

Illustrated notes

Levels and vault maps discovered:
D:1:      wander_arrival_lonely_grave, layout_basic,
          ebering_ecumenical_altar_rust
D:2:      layout_basic, minmay_misc_feat_tower, grunt_decor_mini_mirrors
D:3:      layout_basic, mainiacjoe_overflow_divided_tiny
D:4:      layout_loops_ring, grunt_temple_overflow_opulence,
          general_overflow_altar, mainiacjoe_overflow_24_doors, temple_doors_ab
D:5:      layout_basic, mainiacjoe_overflow_paths

Skill      XL: |  1  2  3  4  5  6 |
---------------+-------------------+-----
Axes           | 4 5 6 8 |  8.7
Fighting       | 4 |  4.6
Armour         | 3 |  3.7
Dodging        | 3 |  3.3

Action                   |  1- 3 |  4- 6 |  7- 9 || total
-------------------------+-------+-------+-------++-------
Melee: Hand axe          |    50 |   124 |    15 ||   189
       Headbutt          |     7 |    18 |     1 ||    26
       Punch             |       |     2 |       ||     2
Invok: Berserk           |     1 |    11 |       ||    12
Armor: Animal skin       |     4 |       |       ||     4
       Scale mail        |    11 |    11 |       ||    22
       Chain mail        |       |    44 |    28 ||    72
Dodge: Dodged            |    28 |    61 |    13 ||   102

Table legend: (Time is in decaauts)
 A = Elapsed time spent in this place.
 B = Non-inter-level travel time spent in this place.
 C = Inter-level travel time spent in this place.
 D = Time resting spent in this place.
 E = Time spent auto-exploring this place.
 F = Levels seen in this place.
 G = Mean time per level.
                   A        B        C        D        E       F      G
               +--------+--------+--------+--------+--------+-----+--------+
         Total |   5845 |   5633 |    212 |   2029 |   3121 |   5 | 1169.0 |
       Dungeon |   5845 |   5633 |    212 |   2029 |   3121 |   5 | 1169.0 |
               +--------+--------+--------+--------+--------+-----+--------+

Top non-repeatable levels by time:
     D:4: 2021 daAuts
     D:2: 1380 daAuts
     D:3: 1304 daAuts
     D:1: 824 daAuts
     D:5: 314 daAuts
